 Dungeon Crawl Stone Soup version 0.20-a0-513-g02c11fc (webtiles) character file.

1801785 junb69 the Brawler (level 27, 282/282 HPs)
             Began as a Troll Monk on Jan 21, 2017.
             Was the Champion of Ashenzari.
             Escaped with the Orb
             ... and 3 runes on Jan 22, 2017!
             The game lasted 03:54:10 (63227 turns).

junb69 the Brawler (Troll Monk)                    Turns: 63227, Time: 03:54:10

Health: 282/282    AC: 23    Str: 33    XL:     27
Magic:  5/34       EV: 27    Int: 21    God:    Ashenzari [******]
Gold:   3679       SH: 27    Dex: 23    Spells: 32/50 levels left

rFire    + . .     SeeInvis +     - Unarmed
rCold    + . .     Gourm    +   U - +10 acid dragon scales of Etitzaqe {MR++ rCorr Dex+4} (curse)
rNeg     . . .     Faith    .   K - +0 large shield of Facutual {+Inv Int+3} (curse)
rPois    +         Spirit   .   Y - +2 hat (curse)
rElec    +         Reflect  +   y - +2 cloak {MR+} (curse)
rCorr    +         Harm     .   (gloves unavailable)
MR       +++++     Clarity  +   (boots unavailable)
Stlth    ++........             E - +3 amulet of reflection (curse)
Regen    1.0/turn               q - ring "Finuv" {rElec rC++ Str+3 Dex+4} (curse)
                                M - ring of Red Wine {rPois rF+ rC- Str+3 Int+6} (curse)

@: no status effects
A: unfitting armour, claws 3, deformed body, fast metabolism 3, gourmand, low mp
1, regeneration 1, shaggy fur 1, tough skin 2
0: Orb of Zot
}: 3/15 runes: serpentine, barnacled, abyssal
a: Curse Item, Scrying, Transfer Knowledge, Renounce Religion, Evoke
Invisibility


You escaped.
You worshipped Ashenzari.
Ashenzari was exalted by your worship.
You were not hungry.

You visited 9 branches of the dungeon, and saw 48 of its levels.
You visited the Abyss 1 time.
You also visited: Volcano.

You collected 7239 gold pieces.
You spent 3560 gold pieces at shops.

Inventory:

Missiles
 f - 14 throwing nets
 g - 138 large rocks (quivered)
Armour
 y - a cursed +2 cloak of magic resistance (worn)
 K - the cursed +0 large shield of Facutual (worn) {+Inv Int+3}
   (You acquired it on level 3 of the Vaults)

   It affects your intelligence (+3).
   It lets you turn invisible.
   It has a curse placed upon it.
 U - the cursed +10 acid dragon scales of Etitzaqe (worn) {MR++ rCorr Dex+4}
   (You acquired it on level 2 of the Shoals)

   It affects your dexterity (+4).
   It affects your resistance to hostile enchantments.
   It protects you from acid and corrosion.
   It has a curse placed upon it.
 Y - a cursed +2 hat (worn)
Jewellery
 q - the cursed ring "Finuv" (right claw) {rElec rC++ Str+3 Dex+4}
   (You found it on level 5 of the Dungeon)

   [ring of strength]

   It affects your strength (+3).
   It affects your dexterity (+4).
   It greatly protects you from cold.
   It insulates you from electricity.
   It has a curse placed upon it.
 E - a cursed +3 amulet of reflection (around neck)
 M - the cursed ring of Red Wine (left claw) {rPois rF+ rC- Str+3 Int+6}
   (You found it on level 4 of the Shoals)

   [ring of protection from fire]

   It affects your strength (+3).
   It affects your intelligence (+6).
   It protects you from fire.
   It makes you vulnerable to cold.
   It protects you from poison.
   It has a curse placed upon it.
Wands
 c - a wand of disintegration (7/24)
 o - a wand of lightning (7/15)
 B - a wand of digging (2/24)
 G - a wand of acid (10/15)
 I - a wand of disintegration (15/24)
 R - a wand of paralysis (10/24)
 S - a wand of iceblast (6/15)
Scrolls
 a - 7 scrolls of enchant armour
 d - 11 scrolls of teleportation
 e - 13 scrolls of remove curse
 k - 9 scrolls of magic mapping
 z - 8 scrolls of blinking
 H - 5 scrolls of fog
 L - 4 scrolls of recharging
 N - 7 scrolls of fear
 T - 15 scrolls of identify
Potions
 h - 3 potions of lignification
 l - 4 potions of berserk rage
 n - 22 potions of curing
 p - 3 potions of brilliance
 r - 6 potions of haste
 s - 4 potions of agility
 t - 2 potions of cure mutation
 u - 3 potions of might
 v - 2 potions of resistance
 x - 6 potions of flight
 A - 4 potions of cancellation
 J - 7 potions of heal wounds
 O - a potion of magic
 X - 2 potions of invisibility
Miscellaneous
 m - a lamp of fire
 P - a box of beasts
 Q - a lightning rod (3/4)
Comestibles
 b - 32 bread rations
 i - 28 meat rations
 j - 19 fruits
 w - 19 royal jellies


   Skills:
 * Level 17.8 Fighting
 * Level 14.2 Throwing
 - Level 8.1 Armour
 - Level 16.3(20.2) Dodging
 - Level 6.1(10.6) Stealth
 - Level 13.8(16.4) Shields
 - Level 18.4 Unarmed Combat
 - Level 12.0 Spellcasting
 - Level 2.7(6.4) Charms
 - Level 8.4(12.8) Summonings
 - Level 3.4(7.4) Necromancy
 - Level 6.5(11.0) Transmutations
 - Level 9.6(13.9) Earth Magic
 - Level 11.0(15.2) Evocations


You had 32 spell levels left.
You knew the following spells:

 Your Spells              Type           Power        Failure   Level  Hunger
a - Corona                Hex            ###....      6%          1    None
b - Shadow Creatures      Summ           N/A          6%          6    #####..
c - Regeneration          Chrm/Necr      #####.....   1%          3    None
d - Statue Form           Tmut/Erth      ######...    6%          6    #####..
e - Apportation           Tloc           ###...       6%          1    None
f - Summon Butterflies    Summ           ######..     1%          1    None


Dungeon Overview and Level Annotations

Branches:
Dungeon (15/15)            Temple (0/1) D:5            Lair (6/6) D:10
 Shoals (4/4) Lair:4        Snake (4/4) Lair:4        Slime (0/5) Lair:6
    Orc (2/2) D:10            Elf (3/3) Orc:2        Vaults (4/5) D:13
  Crypt (0/3) Vaults:3     Depths (5/5) D:15            Zot (5/5) Depths:5

Altars:
Ashenzari
Cheibriados
Dithmenos
Gozag
Kikubaaqudgha
Okawaru
Xom
Jiyva

Shops:
D:4 }(   D:6 ?   D:9 *   D:10 (   D:12 (   Orc:2 =*[(   Elf:2 :*?=!   Elf:3 %
Shoals:3 *   Snake:4 [   Vaults:3 *   Depths:1 (!:

Portals:
Hell: Depths:1 Depths:2 Depths:3 Depths:4 Depths:5
Abyss: Depths:1 Depths:4 Depths:5
Pandemonium: Depths:1 Depths:3 Depths:4
Ziggurat: Depths:1
Trove: Elf:2 (give 7 potions of agility)

Annotations:
Lair:2 exclusion: oklob plant
Lair:3 exclusion: hydra
Elf:2 5 runed doors
Depths:5 Margery
Zot:2 exclusion: orb of fire


Innate Abilities, Weirdness & Mutations

You are too large for most types of armour.
You have claws for hands.
Your metabolism is lightning-fast.
You like to eat raw meat.
Your natural rate of healing is unusually fast.
You are covered in fur. (AC +1)
You have very tough skin. (AC +2)
Armour fits poorly on your strangely shaped body.
Your magical capacity is low. (-10% MP)


Message History

Evoke which item? (* to show all) (? for menu, Esc to quit)
Okay, then.
Casting: Regeneration
Confirm with . or Enter, or press ? or * to list all spells.
Wisps of shadow whirl around you...
Casting: Shadow Creatures
Confirm with . or Enter, or press ? or * to list all spells.
Wisps of shadow whirl around you...
Casting: Shadow Creatures
Confirm with . or Enter, or press ? or * to list all spells.
Wisps of shadow whirl around you...
Casting: Shadow Creatures
Confirm with . or Enter, or press ? or * to list all spells.
Wisps of shadow whirl around you...
Casting: Shadow Creatures
Confirm with . or Enter, or press ? or * to list all spells.
Wisps of shadow whirl around you...
Your leopard gecko dissolves into shadows!
Unknown command.
You have escaped!

.......#.### #.###.............
######.#.# #................#
...##..#.# #.#######.##......
.......#.# #####'##### #.#####...
...##..#.###)........###.######..
...##..#...#.........#...........
...##..###.#..⌠...⌠..###.........
...##..# #.#...bHJ...###.######..
#####..# #.'...b@H...+.#.# ##.
#..# #.#...swr...#...# #.. # #..#
#.#..⌠.K.⌠..###.# #..
#####..###.#.........# #.# #..
...........#.........# #.# #..
######.#########'##### #.# #.#
.....................# #.# #.#
######.#############.# #.# #.#
.....#.# #.# #.# #.#


You could see 2 friendly mutant beasts, a friendly ooze, a friendly dart slug, a
friendly giant cockroach, 2 friendly bats, a friendly kobold and a friendly rat.

Vanquished Creatures
  3 ancient liches
  3 orbs of fire (Zot:5)
  Sojobo (Vaults:1)
  Boris (Depths:5)
  Frederick (Vaults:3)
  3 curse toes
  Saint Roka (Depths:5)
  4 Killer Klowns
  12 golden dragons
  A profane servitor (Abyss:3)
  A bone dragon (Abyss:3)
  7 liches
  3 electric golems (Zot:5)
  6 tentacled monstrosities
  A hellephant (Abyss:3)
  Jorgrun (Depths:3)
  A Hell Sentinel (Abyss:3)
  18 Orb Guardians (Zot:5)
  5 quicksilver dragons
  2 titans
  2 deep elf blademasters (Elf:3)
  Asterion (Vaults:3)
  Polyphemus (Shoals:4)
  6 death cobs
  3 sphinxes
  7 tentacled starspawn (Abyss:3)
  An Executioner (Abyss:3)
  6 storm dragons
  Kirke (Shoals:1)
  5 tengu reavers
  6 shadow dragons
  Roxanne (Shoals:1)
  11 nagarajas
  Ilsuiw (Shoals:4)
  A storm dragon (shapeshifter) (Depths:4)
  7 fire giants
  2 draconian monks
  5 draconian knights
  11 deep elf sorcerers
  11 frost giants
  2 orc warlords
  3 draconian shifters
  Aizul (Snake:3)
  11 vault wardens
  A draconian scorcher (Zot:1)
  3 iron dragons
  A cacodemon (Abyss:3)
  A ghost moth (Zot:3)
  A draconian annihilator (Depths:5)
  A ghoul (Abyss:3)
  A reaper (D:1)
  A war gargoyle (Depths:3)
  20 very ugly things
  5 spriggan defenders
  3 deep elf elementalists (Elf:3)
  5 draconian stormcallers
  2 entropy weavers (Vaults:4)
  22 stone giants
  13 ironheart preservers
  7 green draconians
  4 vampire knights
  3 white draconians
  8 black draconians
  8 deep elf demonologists
  2 yellow draconians
  5 purple draconians
  13 deep elf annihilators
  A spark wasp (Depths:2)
  A blizzard demon (D:3)
  7 red draconians
  2 merfolk javelineers
  10 deep elf death magi
  15 merfolk impalers
  8 ettins
  3 eidola
  A crystal guardian (Vaults:2)
  6 great orbs of eyes
  8 yaktaur captains
  12 fire dragons
  3 deep elf high priests
  21 ogre magi
  3 catoblepae
  A hell beast (Depths:4)
  8 rakshasas
  10 vault guards
  18 naga warriors
  5 hydras
  13 ice dragons
  7 spriggan air magi
  3 merfolk avatars
  2 alligator snapping turtles (Shoals:4)
  3 death knights
  10 centaur warriors
  57 two-headed ogres
  10 death yaks
  3 satyrs
  6 deep troll shamans
  22 dancing weapons
  10 anacondas
  7 deep troll earth magi
  7 merfolk aquamancers
  2 hell hogs (Abyss:3)
  4 vampire magi
  Urug (Lair:5)
  18 thrashing horrors (Abyss:3)
  5 shock serpents
  3 tengu warriors
  A shock serpent (shapeshifter) (Vaults:1)
  13 spriggan berserkers
  11 naga sharpshooters
  A soul eater (Depths:4)
  A sun demon (Abyss:3)
  A salamander mystic (Snake:3)
  3 sixfirhies (Abyss:3)
  21 deep elf knights
  10 skeletal warriors
  10 wretched stars (Abyss:3)
  2 iron trolls
  7 hell knights (Depths:5)
  13 sea snakes
  5 unseen horrors
  24 deep trolls
  3 shadow wraiths
  A spectral anaconda (Depths:3)
  8 wizards
  A spectral hydra (Depths:3)
  10 deep elf archers
  A gelid demonspawn (Zot:3)
  A shadow demon (Abyss:3)
  3 death drakes (Depths:3)
  9 naga ritualists
  12 glowing orange brains
  5 necromancers
  A lindwurm (Lair:6)
  2 orange crystal statues (Depths:3)
  A glowing orange brain (shapeshifter) (Vaults:1)
  5 phantasmal warriors
  8 flayed ghosts
  9 ironbrand convokers
  A lindwurm (shapeshifter) (Elf:3)
  15 orc knights
  13 mana vipers
  10 harpies
  A fire giant zombie (Abyss:3)
  73 deep elf magi
  13 manticores
  6 wolf spiders
  A manticore (shapeshifter) (Vaults:2)
  47 ugly things
  4 orc sorcerers
  11 salamanders
  9 cyclopes
  A wolf spider (shapeshifter) (Elf:3)
  A salamander (shapeshifter) (Vaults:2)
  24 fauns
  19 large abominations (Abyss:3)
  3 oklob plants (Lair:6)
  5 worldbinders (Abyss:3)
  15 moths of wrath
  8 merfolk sirens
  14 vault sentinels
  3 guardian serpents
  Psyche (D:8)
  3 smoke demons (Abyss:3)
  A fire giant skeleton (Depths:2)
  5 elephants (Lair:6)
  29 naga magi
  22 black mambas
  An eye of devastation (shapeshifter) (Depths:1)
  11 spiny frogs
  5 water nymphs
  An apocalypse crab (Abyss:3)
  4 gargoyles
  A spiny frog (shapeshifter) (D:13)
  A black mamba (shapeshifter) (Depths:3)
  A rust devil (Depths:4)
  Joseph (D:7)
  A torpor snail (Lair:5)
  5 spectral swamp worms (Depths:5)
  A hellion (Abyss:3)
  A rime drake (shapeshifter) (Depths:2)
  6 komodo dragons
  4 kobold demonologists
  A tormentor (Abyss:3)
  9 freezing wraiths
  A rime drake (Lair:6)
  A demonic crawler (Abyss:3)
  2 efreet
  49 yaktaurs
  A hellwing (Abyss:3)
  A silent spectre (Abyss:3)
  3 spectral merfolk (Depths:3)
  An ice devil (Abyss:3)
  5 tengu conjurers
  A meliai (shapeshifter) (Depths:2)
  An anaconda simulacrum (Depths:3)
  3 meliai (D:14)
  9 ancient zymes (Abyss:3)
  11 hornets
  12 trolls
  2 polar bears (Lair:6)
  A jumping spider (shapeshifter) (Vaults:1)
  A tyrant leech (shapeshifter) (Vaults:3)
  Prince Ribbit (D:8)
  5 wind drakes
  3 harpy skeletons
  A wolf spider simulacrum (D:15)
  10 hippogriffs
  8 snapping turtles
  33 merfolk
  15 raiju
  2 ettin zombies
  3 blink frogs (Lair:5)
  26 slime creatures
  A hippogriff (shapeshifter) (Depths:4)
  A spriggan zombie (Depths:2)
  A fire giant simulacrum (Vaults:1)
  A wandering mushroom (Lair:6)
  An alligator skeleton (Volcano)
  A tarantella (shapeshifter) (Vaults:1)
  8 flying skulls
  11 air elementals
  6 wyverns
  5 shadows
  6 spriggans (Depths:4)
  A spriggan (shapeshifter) (Depths:1)
  7 ynoxinuls (Abyss:3)
  A redback (shapeshifter) (Elf:2)
  17 water elementals
  A fire elemental (Elf:1)
  A redback (Vaults:4)
  43 yaks
  4 vampires
  6 hogs
  13 wraiths
  19 humans
  4 fire bats (Abyss:3)
  12 chaos spawn (Abyss:3)
  3 hungry ghosts
  The ghost of wazuzu the Cleaver, an amateur HOGl (D:3)
  A golden eye (Abyss:3)
  11 basilisks
  9 neqoxecs
  10 vampire mosquitoes
  Edmund (D:4)
  16 wargs
  A harpy simulacrum (D:15)
  52 nagas
  9 hell hounds
  2 acid dragons
  5 porcupines
  A floating eye (Depths:3)
  2 spectral spriggans (Depths:3)
  A hydra simulacrum (Depths:3)
  12 water moccasins
  2 spectral trolls (Depths:3)
  2 eyes of draining (shapeshifter)
  57 orc warriors
  4 sky beasts
  4 black bears
  2 phantoms (D:12)
  40 starcursed masses (Abyss:3)
  4 ice beasts
  A snapping turtle zombie (Depths:3)
  A necrophage (D:7)
  An eye of draining (Abyss:3)
  50 ogres
  A tengu (shapeshifter) (Depths:2)
  17 boggarts
  19 small abominations
  31 wolves
  7 centaurs
  15 crocodiles
  A crocodile (shapeshifter) (Vaults:2)
  3 big kobolds
  Blork the orc (D:4)
  13 bullfrogs
  7 earth elementals (D:13)
  A human simulacrum (Vaults:3)
  An ogre simulacrum (Vaults:1)
  A merfolk simulacrum (Depths:3)
  A wyvern zombie (D:7)
  7 scorpions
  2 spectral nagas (Depths:3)
  10 killer bees
  A troll skeleton (Volcano)
  13 wights
  3 howler monkeys
  2 spectral centaurs (Depths:3)
  An electric eel (Elf:3)
  A bullfrog zombie (D:12)
  9 crimson imps
  8 hounds
  3 quasits
  6 centaur zombies
  25 orc wizards
  Crazy Yiuf (D:7)
  A centaur skeleton (D:8)
  5 iron imps (Abyss:3)
  8 jellies
  27 orc priests
  A bullfrog skeleton (D:4)
  Ijyb (D:1)
  2 iguanas
  Natasha (thrice) (D:3)
  A troll simulacrum (Depths:3)
  8 worker ants
  A hell rat (D:10)
  A spriggan simulacrum (Depths:3)
  A naga skeleton (Volcano)
  2 hound zombies
  2 hound skeletons
  A howler monkey zombie (D:9)
  Robin (D:4)
  10 river rats
  9 adders
  A hound simulacrum (D:11)
  A naga simulacrum (Depths:3)
  3 shadow imps
  2 white imps (Abyss:3)
  3 ufetubi
  2 oozes
  An adder zombie (D:6)
  2 adder skeletons
  2 worms
  4 dart slugs
  6 leopard geckos
  102 orcs
  6 giant cockroaches
  17 goblins
  12 hobgoblins
  9 jackals
  14 quokkas
  2 ball pythons
  7 bats
  4 frilled lizards
  A giant cockroach zombie (D:5)
  18 kobolds
  23 rats
  A butterfly (Lair:1)
  3 fungi
  3 plants
  A starspawn tentacle (Abyss:3)
2496 creatures vanquished.

Vanquished Creatures (others)
  Vashnia (Snake:4)
  A deep elf master archer (Elf:3)
  A draconian scorcher (Abyss:3)
  4 stone giants
  A merfolk javelineer (Shoals:2)
  A yaktaur captain (Vaults:4)
  2 centaur warriors
  2 satyrs
  An ogre mage (Depths:3)
  2 naga sharpshooters
  5 deep elf archers
  A deep elf mage (Vaults:3)
  An ironbrand convoker (Vaults:4)
  A mana viper (Snake:4)
  2 fauns
  A manticore (Shoals:4)
  2 moths of wrath (Zot:5)
  3 cyclopes
  19 yaktaurs
  A large abomination (Abyss:3)
  A raiju (Abyss:3)
  A chaos spawn (Abyss:3)
  An orc warrior (Vaults:4)
  8 centaurs
  A spectral naga (Depths:3)
  A wight (D:11)
  A spectral centaur (Depths:3)
  An orc wizard (Vaults:3)
  An ogre zombie (Abyss:3)
  An ufetubus (Abyss:3)
  3 orcs
  11 fungi
  A lurking horror (Abyss:3)
  81 plants
  20 starspawn tentacles (Abyss:3)
185 creatures vanquished.

Grand Total: 2681 creatures vanquished

Notes
Turn   | Place    | Note
-------+----------+-------------------------------------------
     0 | D:1      | junb69 the Troll Monk began the quest for the Orb.
     0 | D:1      | Reached XP level 1. HP: 22/22 MP: 0/0
    81 | D:1      | Reached XP level 2. HP: 26/29 MP: 1/1
   730 | D:1      | Found a shattered altar of Ashenzari.
   740 | D:1      | Reached XP level 3. HP: 34/36 MP: 2/2
   750 | D:1      | Became a worshipper of Ashenzari the Shackled
   750 | D:1      | Reached * piety under Ashenzari
   750 | D:1      | Reached ** piety under Ashenzari
   996 | D:2      | Noticed Ijyb
  1040 | D:1      | Killed Ijyb
  1130 | D:2      | Reached skill level 4 in Unarmed Combat
  1271 | D:2      | Reached XP level 4. HP: 45/45 MP: 3/3
  1630 | D:3      | Noticed wazuzu's ghost (amateur HOGl)
  2156 | D:3      | Reached XP level 5. HP: 54/54 MP: 4/4
  2186 | D:3      | Noticed Natasha
  2372 | D:3      | Killed Natasha
  2372 | D:3      | Reached skill level 5 in Unarmed Combat
  2673 | D:3      | Found an opulent altar of Gozag.
  2935 | D:3      | Noticed Natasha
  2944 | D:3      | Killed Natasha
  2944 | D:3      | Reached XP level 6. HP: 63/63 MP: 5/5
  3089 | D:4      | Found Kehureti's Antique Weapon Shop.
  3138 | D:4      | Noticed Robin
  3155 | D:4      | Killed Robin
  3303 | D:4      | Noticed Edmund
  3313 | D:4      | Killed Edmund
  3313 | D:4      | Reached skill level 5 in Fighting
  3313 | D:4      | Reached skill level 6 in Unarmed Combat
  3313 | D:4      | Reached XP level 7. HP: 58/72 MP: 6/6
  3359 | D:4      | Reached *** piety under Ashenzari
  3430 | D:4      | Found Oduiron's Gadget Emporium.
  3729 | D:4      | Noticed Blork the orc
  3742 | D:4      | Killed Blork the orc
  4237 | D:3      | Noticed Natasha
  4241 | D:3      | Killed Natasha
  4269 | D:3      | Killed wazuzu's ghost
  4301 | D:5      | Entered Level 5 of the Dungeon
  4305 | D:5      | Reached skill level 7 in Unarmed Combat
  4324 | D:5      | Found an iron altar of Okawaru.
  4371 | D:5      | Found a staircase to the Ecumenical Temple.
  4374 | D:5      | Identified the ring "Finuv" {rElec rC++ Str+3 Dex+4}
  4495 | D:5      | Reached XP level 8. HP: 83/83 MP: 7/7
  5187 | D:6      | Found a snail-covered altar of Cheibriados.
  5300 | D:6      | Reached skill level 1 in Evocations
  5625 | D:6      | Found Gys Hali's Magic Scroll Shop.
  5636 | D:6      | Bought a scroll of identify for 28 gold pieces
  5636 | D:6      | Bought a scroll of remove curse for 42 gold pieces
  5636 | D:6      | Bought a scroll of identify for 28 gold pieces
  5636 | D:6      | Bought a scroll of identify for 28 gold pieces
  5636 | D:6      | Bought a scroll of remove curse for 42 gold pieces
  6126 | D:7      | Reached XP level 9. HP: 83/92 MP: 10/10
  6140 | D:7      | Reached skill level 5 in Dodging
  6308 | D:7      | Found a shattered altar of Ashenzari.
  6557 | D:7      | Found a runed door.
  6561 | D:7      | Noticed Crazy Yiuf
  6570 | D:7      | Killed Crazy Yiuf
  6682 | D:7      | Noticed Joseph
  6690 | D:7      | Killed Joseph
  6989 | D:7      | Reached skill level 5 in Evocations
  7089 | D:8      | Reached **** piety under Ashenzari
  7175 | D:8      | Noticed Prince Ribbit
  7224 | D:8      | Noticed a death knight
  7397 | D:8      | Noticed Psyche
  7406 | D:8      | Killed Psyche
  7406 | D:8      | Reached skill level 8 in Unarmed Combat
  7423 | D:8      | Reached XP level 10. HP: 98/100 MP: 12/12
  7728 | D:8      | Killed Prince Ribbit
  8311 | D:9      | Noticed a two-headed ogre
  8324 | D:9      | Killed a two-headed ogre
  8324 | D:9      | Reached skill level 9 in Unarmed Combat
  8344 | D:9      | Found a shadowy altar of Dithmenos.
  8414 | D:9      | Found Dirphugyu's Assorted Antiques.
  8422 | D:9      | Bought a lead wand for 132 gold pieces
  8569 | D:9      | Noticed a deep elf mage
  8574 | D:9      | Killed a deep elf mage
  8792 | D:10     | Entered Level 10 of the Dungeon
  8888 | D:10     | Found a staircase to the Orcish Mines.
  8890 | D:10     | Found Garaw's Weapon Shop.
  8937 | D:10     | Reached skill level 10 in Unarmed Combat
  9023 | D:10     | Noticed a death yak
  9051 | D:10     | Killed a death yak
  9059 | D:10     | Reached XP level 11. HP: 84/113 MP: 13/13
  9080 | D:10     | Found a staircase to the Lair.
  9087 | D:10     | Noticed a death yak
  9089 | D:10     | Noticed a death yak
  9107 | D:10     | Killed a death yak
  9111 | D:10     | Killed a death yak
  9549 | D:10     | Reached skill level 11 in Unarmed Combat
  9948 | Lair:1   | Entered Level 1 of the Lair of Beasts
 11243 | Lair:2   | Reached XP level 12. HP: 98/126 MP: 15/15
 11275 | Lair:2   | Noticed a six-headed hydra
 11290 | Lair:2   | Found a shattered altar of Ashenzari.
 11361 | Lair:2   | Killed a six-headed hydra
 11705 | Lair:3   | Found a dark tunnel.
 11712 | Volcano  | Entered a volcano
 12215 | Lair:3   | Reached skill level 10 in Fighting
 12382 | Lair:3   | Noticed a six-headed hydra
 12900 | Lair:4   | Found a staircase to the Snake Pit.
 12955 | Lair:4   | Reached ***** piety under Ashenzari
 13462 | Lair:4   | Found a staircase to the Shoals.
 13779 | Lair:5   | Noticed Urug
 13795 | Lair:5   | Killed Urug
 13795 | Lair:5   | Reached skill level 10 in Dodging
 14049 | Lair:5   | Reached XP level 13. HP: 100/135 MP: 17/17
 14676 | Lair:6   | Entered Level 6 of the Lair of Beasts
 14947 | Lair:6   | Found a viscous altar of Jiyva.
 14948 | Lair:6   | Found a staircase to the Slime Pits.
 15257 | Lair:6   | Reached skill level 12 in Unarmed Combat
 15671 | Lair:6   | Identified the Incunabulum of Bewitching Cold
 16333 | Lair:6   | Reached skill level 13 in Unarmed Combat
 16360 | Lair:6   | Identified the +1 leather armour of Uskayaw's Approval {rC+ MR+} (You found it on level 6 of the Lair of Beasts)
 16404 | Lair:6   | Learned a level 1 spell: Corona
 16608 | Orc:1    | Entered Level 1 of the Orcish Mines
 16615 | Orc:1    | Reached skill level 1 in Armour
 16832 | Orc:2    | Entered Level 2 of the Orcish Mines
 16899 | Orc:2    | Noticed an orc warlord
 17101 | Orc:1    | Killed an orc warlord
 17181 | Orc:2    | Noticed an orc warlord
 17462 | D:10     | Killed an orc warlord
 17462 | D:10     | Reached XP level 14. HP: 39/144 MP: 2/18
 17911 | Orc:2    | Found a staircase to the Elven Halls.
 18386 | Orc:2    | Found Caediy Ceto's Antique Weapon Shoppe.
 18386 | Orc:2    | Found Nerompuh's Armour Shop.
 18387 | Orc:2    | Found Ziteocke's Assorted Antiques.
 18387 | Orc:2    | Found Voaliem's Jewellery Emporium.
 18406 | Orc:2    | Bought a scroll of identify for 70 gold pieces
 18406 | Orc:2    | Bought a wand of paralysis (?/24) for 70 gold pieces
 18406 | Orc:2    | Bought a scroll of teleportation for 105 gold pieces
 19545 | D:11     | Reached skill level 1 in Throwing
 20045 | D:12     | Reached XP level 15. HP: 158/158 MP: 19/19
 20289 | D:12     | Found Oqezo's Antique Weapon Shop.
 20805 | D:13     | Reached skill level 5 in Throwing
 20891 | D:13     | Reached ****** piety under Ashenzari
 21397 | D:13     | Reached skill level 1 in Shields
 21416 | D:13     | Found a gate to the Vaults.
 22334 | D:14     | Reached skill level 5 in Shields
 23028 | D:15     | Entered Level 15 of the Dungeon
 23570 | D:15     | Found a shimmering altar of Xom.
 23780 | D:15     | Found a staircase to the Depths.
 23899 | D:15     | Reached XP level 16. HP: 167/167 MP: 20/20
 24056 | D:15     | Found a snail-covered altar of Cheibriados.
 24259 | Elf:1    | Entered Level 1 of the Elven Halls
 24726 | Elf:1    | Identified the Volume of Calling
 25175 | Elf:2    | Found Nauxuplu's Magic Scroll Shoppe.
 25179 | Elf:2    | Bought a scroll of acquirement for 780 gold pieces
 25229 | Elf:2    | Found Saalu's Distillery.
 25284 | Elf:2    | Found Tyirul's Jewellery Shop.
 25398 | Elf:2    | Found Ybbuus's General Store.
 25483 | Elf:2    | Found Laeper's Book Shop.
 25626 | Elf:2    | Reached skill level 10 in Shields
 25781 | Elf:2    | Found a portal to a secret trove of treasure.
 25979 | Elf:2    | Found a huge runed gate.
 25979 | Elf:2    | Found a huge runed gate.
 25979 | Elf:2    | Found a huge runed gate.
 25979 | Elf:2    | Found a huge runed gate.
 25988 | Elf:2    | Found a huge runed gate.
 26422 | Elf:2    | Bought a scroll of enchant armour for 112 gold pieces
 26422 | Elf:2    | Bought a scroll of enchant armour for 112 gold pieces
 26422 | Elf:2    | Bought a scroll of blinking for 112 gold pieces
 26422 | Elf:2    | Bought a scroll of teleportation for 45 gold pieces
 26422 | Elf:2    | Bought a scroll of recharging for 142 gold pieces
 26422 | Elf:2    | Bought a scroll of identify for 30 gold pieces
 26422 | Elf:2    | Bought a scroll of identify for 30 gold pieces
 26422 | Elf:2    | Bought a scroll of identify for 30 gold pieces
 26422 | Elf:2    | Bought a scroll of identify for 30 gold pieces
 26457 | Elf:3    | Entered Level 3 of the Elven Halls
 26460 | Elf:3    | Found Ygax's Food Emporium.
 27271 | Elf:3    | Reached XP level 17. HP: 171/175 MP: 21/21
 27891 | Elf:3    | Noticed a Tzitzimitl
 28114 | Elf:3    | Noticed a Brimstone Fiend
 28213 | Elf:3    | Identified the +0 robe of Kedicurgh {+Blink rF++ rC- Regen+} (You took it off a deep elf elementalist on level 3 of the Elven Halls)
 28223 | Elf:3    | Noticed a deep elf blademaster
 28490 | Elf:3    | Killed a deep elf blademaster
 28497 | Elf:3    | Noticed a deep elf master archer
 28553 | Elf:3    | Killed a deep elf master archer
 28744 | Elf:3    | Noticed a deep elf blademaster
 28781 | Elf:3    | Killed a deep elf blademaster
 28841 | Elf:3    | Gained mutation: You are surrounded by a mild repulsion field. (EV +2) [potion of beneficial mutation]
 28842 | Elf:3    | Gained mutation: Your muscles are strong. (Str +2) [potion of beneficial mutation]
 28904 | Elf:3    | Identified the cursed +1 robe of Absence {rPois MR+ rCorr Dex-4 SInv} (You took it off a deep elf annihilator on level 3 of the Elven Halls)
 29219 | Elf:3    | Reached skill level 14 in Unarmed Combat
 29440 | Elf:3    | Identified the Disquisition on Bewitchment and the Snowflakes
 29561 | Elf:3    | Identified Spellcraft for Beginners
 29588 | Elf:3    | Learned a level 6 spell: Shadow Creatures
 29982 | Snake:1  | Entered Level 1 of the Snake Pit
 30400 | Snake:1  | Reached XP level 18. HP: 187/187 MP: 22/22
 30954 | Snake:1  | Learned a level 3 spell: Regeneration
 32227 | Snake:3  | Noticed Aizul
 32252 | Snake:3  | Killed Aizul
 33156 | Snake:3  | Reached skill level 5 in Stealth
 33436 | Snake:3  | Reached skill level 1 in Necromancy
 33463 | Snake:3  | Reached skill level 1 in Spellcasting
 33463 | Snake:3  | Reached skill level 1 in Charms
 33629 | Snake:4  | Entered Level 4 of the Snake Pit
 33715 | Snake:4  | Found Sodydoox's Antique Armour Emporium.
 33902 | Snake:4  | Noticed Vashnia
 33978 | Snake:4  | Killed Vashnia
 34524 | Snake:4  | Reached XP level 19. HP: 195/196 MP: 23/23
 35080 | Snake:4  | Reached skill level 5 in Spellcasting
 35145 | Snake:4  | Got a serpentine rune of Zot
 35696 | Vaults:1 | Entered Level 1 of the Vaults
 36319 | Vaults:1 | Reached skill level 15 in Unarmed Combat
 36320 | Vaults:1 | Paralysed by a hornet for 1 turns
 36335 | D:13     | Reached skill level 10 in Throwing
 38276 | Vaults:1 | Reached XP level 20. HP: 163/206 MP: 22/26
 38352 | Vaults:2 | Reached skill level 5 in Armour
 38504 | Vaults:2 | Noticed Sojobo
 38556 | Vaults:1 | Killed Sojobo
 39553 | Vaults:2 | Identified the +5 leather armour of Amelioration {rF+}
 40106 | Vaults:3 | Noticed Asterion
 40576 | Vaults:3 | Killed Asterion
 40803 | Vaults:3 | Found Yluora's Assorted Antiques.
 40811 | Vaults:3 | Bought a potion of haste for 370 gold pieces
 40811 | Vaults:3 | Bought a scroll of blinking for 277 gold pieces
 41191 | Vaults:3 | Identified the cursed +0 large shield of Facutual {+Inv Int+3} (You acquired it on level 3 of the Vaults)
 41821 | Vaults:3 | Found a staircase to the Crypt.
 41860 | Vaults:3 | Upgraded the game from 0.20-a0-507-gc86f373 to 0.20-a0-513-g02c11fc
 42145 | Vaults:4 | Reached XP level 21. HP: 215/215 MP: 29/29
 42164 | Vaults:4 | Gained mutation: You are frail. (-10% HP) [a neqoxec]
 42408 | Vaults:4 | Reached XP level 22. HP: 201/201 MP: 29/31
 42655 | Vaults:4 | Noticed Frederick
 43723 | Vaults:3 | Killed Frederick
 44562 | Shoals:1 | Entered Level 1 of the Shoals
 44774 | Shoals:1 | Noticed Kirke
 44869 | Shoals:1 | Killed Kirke
 45112 | Shoals:1 | Noticed Roxanne
 45124 | Shoals:1 | Killed Roxanne
 45137 | Shoals:1 | Learned a level 6 spell: Statue Form
 45301 | Shoals:1 | Reached skill level 1 in Earth Magic
 45337 | Shoals:1 | Identified the ring "Ciups" {rN+ Str+4 Stlth+} (You took it off a merfolk on level 1 of the Shoals)
 45532 | Shoals:2 | Reached skill level 1 in Transmutations
 46267 | Shoals:2 | Identified the cursed +10 acid dragon scales of Etitzaqe {MR++ rCorr Dex+4} (You acquired it on level 2 of the Shoals)
 46634 | Shoals:3 | Found Sesommy's General Store.
 47382 | Shoals:4 | Entered Level 4 of the Shoals
 47501 | Shoals:4 | Reached XP level 23. HP: 207/208 MP: 34/34
 47651 | Shoals:4 | Reached skill level 5 in Earth Magic
 47768 | Shoals:4 | Found an ancient bone altar of Kikubaaqudgha.
 47827 | Shoals:4 | Noticed Ilsuiw
 48021 | Shoals:4 | Reached skill level 5 in Transmutations
 48114 | Shoals:4 | Got a barnacled rune of Zot
 48125 | Shoals:4 | Noticed Polyphemus
 48158 | Shoals:4 | Killed Polyphemus
 48442 | Shoals:4 | Identified the ring of Red Wine {rPois rF+ rC- Str+3 Int+6}
 48538 | Shoals:4 | Killed Ilsuiw
 49049 | Depths:1 | Entered Level 1 of the Depths
 49104 | Depths:1 | Found a one-way gate leading to the halls of Pandemonium.
 49180 | Depths:1 | Found a one-way gate to the infinite horrors of the Abyss.
 49366 | Depths:1 | Found Gismiyse's Book Boutique.
 49366 | Depths:1 | Found Luef's Distillery.
 49387 | Depths:1 | Bought a potion of might for 60 gold pieces
 49387 | Depths:1 | Bought a potion of agility for 60 gold pieces
 49387 | Depths:1 | Bought 2 potions of cure mutation for 750 gold pieces
 49387 | Depths:1 | Bought a potion of heal wounds for 75 gold pieces
 49455 | Depths:1 | Found a gateway to Hell.
 49548 | Depths:1 | Learned a level 1 spell: Apportation
 49550 | Depths:1 | Learned a level 1 spell: Summon Butterflies
 49766 | Depths:1 | Reached skill level 1 in Summonings
 49903 | Depths:1 | Found Hudwic's Antique Weapon Shop.
 49979 | Depths:1 | Found a gateway to a ziggurat.
 51098 | Depths:2 | Noticed an ancient lich
 51110 | Depths:2 | Killed an ancient lich
 51271 | Depths:2 | Reached skill level 5 in Summonings
 51768 | Depths:2 | Reached skill level 10 in Spellcasting
 51768 | Depths:2 | Reached XP level 24. HP: 169/218 MP: 35/36
 53571 | Depths:3 | Noticed Jorgrun
 53588 | Depths:3 | Killed Jorgrun
 53828 | Depths:3 | Noticed an ancient lich
 53858 | Depths:3 | Killed an ancient lich
 54156 | Depths:3 | Paralysed by a floating eye for 4 turns
 54165 | Depths:3 | Paralysed by a floating eye for 4 turns
 54655 | Depths:3 | Identified the ring of the Nine Deaths {rPois Str+3 SInv Stlth-}
 55338 | Depths:4 | Reached skill level 15 in Fighting
 55619 | Depths:4 | Reached XP level 25. HP: 195/226 MP: 37/37
 56441 | Depths:4 | Voluntarily entered the Abyss.
 56543 | Abyss:3  | Found a corrupted altar of Lugonu.
 56595 | Abyss:3  | Reached skill level 16 in Unarmed Combat
 57349 | Abyss:3  | Found a shattered altar of Ashenzari.
 57605 | Abyss:3  | Lost mutation: Your muscles are strong. (Str +2) [a neqoxec]
 57617 | Abyss:3  | Gained mutation: Your spells are a little easier to cast, but a little less powerful. [a neqoxec]
 57621 | Abyss:3  | Paralysed by accursed screaming for 1 turns
 57625 | Abyss:3  | Paralysed by accursed screaming for 2 turns
 57631 | Abyss:3  | Paralysed by accursed screaming for 2 turns
 57739 | Abyss:3  | Paralysed by accursed screaming for 1 turns
 58609 | Abyss:3  | Reached skill level 17 in Unarmed Combat
 58658 | Abyss:3  | Got an abyssal rune of Zot
 58678 | Abyss:3  | Reached XP level 26. HP: 183/240 MP: 38/38
 58685 | Abyss:3  | Gained mutation: You are very frail. (-20% HP) [a neqoxec]
 58687 | Abyss:3  | Gained mutation: You are clumsy. (Dex -2) [a neqoxec]
 58707 | Abyss:3  | Paralysed by you for 5 turns
 58802 | Abyss:3  | Paralysed by accursed screaming for 1 turns
 58896 | Depths:4 | Escaped the Abyss
 59180 | Depths:5 | Entered Level 5 of the Depths
 59217 | Depths:5 | Found a gate to the Realm of Zot.
 59378 | Depths:5 | Lost mutation: You are very frail. (-20% HP) [potion of cure mutation]
 59378 | Depths:5 | Lost mutation: You are frail. (-10% HP) [potion of cure mutation]
 59378 | Depths:5 | Lost mutation: Your spells are a little easier to cast, but a little less powerful. [potion of cure mutation]
 59378 | Depths:5 | Lost mutation: You are clumsy. (Dex -2) [potion of cure mutation]
 59446 | Depths:5 | Noticed Margery
 59447 | Depths:5 | Noticed Saint Roka
 59624 | Depths:5 | Noticed Boris
 59726 | Depths:5 | Killed Saint Roka
 59791 | Depths:5 | Killed Boris
 59930 | Depths:5 | Reached skill level 18 in Unarmed Combat
 60013 | Depths:5 | Found a snail-covered altar of Cheibriados.
 60435 | Zot:1    | Entered Level 1 of the Realm of Zot
 60895 | Zot:2    | Identified the ring "Irohe" {Fire Int+5}
 60895 | Zot:2    | Noticed an orb of fire
 60895 | Zot:2    | Noticed an orb of fire
 60895 | Zot:2    | Noticed an orb of fire
 60953 | Zot:2    | Identified the cursed amulet "Gipn" {Spirit Stlth+} (You acquired it on level 2 of the Realm of Zot)
 61209 | Zot:5    | Entered Level 5 of the Realm of Zot
 61392 | Zot:4    | Reached XP level 27. HP: 279/279 MP: 33/38
 61445 | Zot:4    | Reached skill level 15 in Dodging
 61970 | Zot:5    | Reached skill level 10 in Evocations
 62111 | Zot:5    | Noticed an ancient lich
 62117 | Zot:5    | Noticed an orb of fire
 62117 | Zot:5    | Killed an ancient lich
 62118 | Zot:5    | Gained mutation: Your spells are a little easier to cast, but a little less powerful. [an orb of fire]
 62120 | Zot:5    | Gained mutation: You are dopey. (Int -2) [an orb of fire]
 62121 | Zot:5    | Gained mutation: Your body sometimes deteriorates upon taking damage. [an orb of fire]
 62136 | Zot:5    | Lost mutation: Your spells are a little easier to cast, but a little less powerful. [an orb of fire]
 62153 | Zot:5    | Killed an orb of fire
 62248 | Zot:5    | Noticed an orb of fire
 62268 | Zot:5    | Gained mutation: You are occasionally teleported next to monsters. [an orb of fire]
 62275 | Zot:5    | Killed an orb of fire
 62277 | Zot:5    | Lost mutation: Your body sometimes deteriorates upon taking damage. [potion of cure mutation]
 62277 | Zot:5    | Lost mutation: You are surrounded by a mild repulsion field. (EV +2) [potion of cure mutation]
 62277 | Zot:5    | Lost mutation: You are dopey. (Int -2) [potion of cure mutation]
 62277 | Zot:5    | Lost mutation: You are occasionally teleported next to monsters. [potion of cure mutation]
 62337 | Zot:5    | Noticed an orb of fire
 62438 | Zot:5    | Gained mutation: Your magical capacity is low. (-10% MP) [an orb of fire]
 62438 | Zot:5    | Gained mutation: Armour fits poorly on your strangely shaped body. [an orb of fire]
 62440 | Zot:5    | Killed an orb of fire
 62543 | Zot:5    | Got the Orb of Zot
 63227 | D:$      | Escaped with the Orb!

Vault maps used:
D:1:      mushboom_english_gardens, evilmike_ruin_ashenzari
D:2:      uniq_iyjb
D:3:      corexii_shack_village, st_stairs_11, grunt_gozag_breadcrumbs,
          uniq_natasha
D:4:      serial_shops, nicolae_shop_statue_plus, kennysheep_mini_moat,
          minmay_surrounded, uniq_robin, uniq_blork_the_orc, uniq_edmund
D:5:      lemuel_ratsnest, first_bread, okawaru_trees_1
D:6:      serial_shops, shop_scrolls, chei_slow_surprise
D:7:      basic_altar, grunt_livestock, corexii_item_surrounded_by_moat,
          grunt_ministairs_6, uniq_joseph, uniq_crazy_yiuf_cottage
D:8:      uniq_psyche, uniq_prince_ribbit1
D:9:      serial_shops, shop, nicolae_dithmenos_through_a_glass_darkly
D:10:     dpeg_lair_monsters, orc_david_3
D:11:     minivault_28
D:12:     serial_shops, nicolae_shop_trees
D:13:     grunt_vaults_entry_tiered, hangedman_cracks_in_the_wall
D:14:     minmay_strange_pillars
D:15:     grunt_enter_depths_magical_seal, basic_altar, basic_altar,
          serial_park_tiny_1
Lair:1:   lemuel_fruit_fields, grunt_megastairs_3, lemuel_fruit_tree
Lair:2:   lemuel_oklob_altar
Lair:3:   enter_volcano_2, kennysheep_basilisk_garden
Lair:4:   shoals_dummy_entry, infiniplex_staircase_pool_2
Lair:5:   grunt_megastairs_5, uniq_urug
Lair:6:   grunt_lair_end_beastmaster, slime_altar_1, minmay_lair_oklob_chamber
Shoals:1: uniq_roxanne, uniq_kirke
Shoals:2: st_sunken_huts
Shoals:3: serial_shops, shop
Shoals:4: shoals_end_grunt_garden, shoals_ilsuiw_alternative,
          lemuel_centaur_altar, uniq_polyphemus
Snake:1:  grunt_megastairs_4
Snake:2:  spider_trap
Snake:3:  uniq_aizul
Snake:4:  snake_pit, serial_shops, nicolae_shop_window_shopping, uniq_vashnia
Orc:2:    st_orc_ogre_mass
Elf:1:    minmay_elf_arrival_circle, minmay_elf_demonology
Elf:2:    serial_shops, nicolae_shop_waterfront,
          nicolae_shop_competitors_out_of_business, shop, shop,
          nicolae_shop_temple_entry_statues_fountains, enter_trove_5,
          elves_outpost_lemuel
Elf:3:    minmay_elf_hall_spiked, serial_shops, shop, grunt_ministairs_11
Vaults:1: vaults_room_grunt_arrival_ludios, ontoclasm_vaults_decontamination,
          hangedman_vaults_trim, dpeg_vaults_monster_row, vaults_mumra_chevron,
          vaults_room_fours, v_misc_3
Vaults:2: v_misc_29, v_misc_9, dpeg_vaults_monster_box, hangedman_vaults_locks,
          nicolae_vaults_network_quinsquares, vaults_room_fancy_cross,
          v_misc_13, v_pattern_5, vaults_room_fancy_cross, st_hourglassy,
          vaults_dpeg_ring, uniq_sojobo
Vaults:3: minmay_crypt_entry_simple_sparse, ontoclasm_vaults_ligature,
          nicolae_vaults_network_s, vaults_room_stairs_pillars,
          vaults_standard_mumra_lines, vaults_mumra_minichess, v_misc_8,
          serial_shops, nicolae_shop_temple_entry_statues_fountains,
          uniq_asterion
Vaults:4: v_misc_1, nicolae_vaults_what_the_h, st_quartered_hall,
          hangedman_vaults_nails, v_rooms_2, v_rooms_4,
          vaults_room_stairs_pillars, v_misc_5, serial_ice_b,
          vaults_room_semicircle, vaults_room_hallway, uniq_frederick
Depths:1: enter_ziggurat_a, abyss_entry, pf_coc_iceberg, pan_entry,
          minmay_misc_feat_tiny, serial_bayou_pond_e, kennysheep_small_square,
          serial_bayou_shore_a, minmay_shoptagon
Depths:2: hangedman_box_tower, hell_entry, minmay_misc_feat_more_columns
Depths:3: lemuel_river_lethe, serial_shops, hell_entry, pan_entry, uniq_jorgrun
Depths:4: minmay_textured_paths, moated_statue, grunt_mini_vestibule,
          abyss_entry_small_statue_room, pan_entry, kennysheep_generic_room_2,
          infiniplex_staircase_zigzag_4, serial_bayou_shore_b
Depths:5: grunt_zot_entry_tricorne, abyss_entry, minmay_strange_pillars,
          pf_hell_entry_tar_river, cheibriados_altar_1, serial_bayou_shore_b,
          uniq_boris, uniq_saint_roka, uniq_margery
Zot:1:    lemuel_draconian_sentries_small
Zot:2:    st_single_dragon_hoard_2, lemuel_lake_of_fire
Zot:3:    grunt_megastairs_2
Zot:5:    hangedman_zot_decor_scrapings, grunt_ministairs_11
Abyss:1:  evilmike_abyss_exit_10
Volcano:  volcano_tomb

Skill      XL: |  1  2  3  4  5  6  7  8  9 10 11 12 13 14 15 16 17 18 19 20 21 22 23 24 25 26 27 |
---------------+----------------------------------------------------------------------------------+-----
Fighting       | 3 4 5 6 8 9 10 12 13 14 15 16 17 | 17.8
Unarmed Combat | 4 5 6 7 8 10 11 13 14 15 17 18 | 18.4
Evocations     | 3 5 6 7 8 11 | 11.0
Dodging        | 4 6 8 10 11 13 14 16 | 16.3
Armour         | 3 4 8 |  8.1
Stealth        | 2 3 5 6 |  6.1
Throwing       | 3 7 9 11 13 14 | 14.2
Shields        | 7 12 13 | 13.8
Necromancy     | 3 |  3.4
Spellcasting   | 3 5 6 7 8 10 11 12 | 12.0
Charms         | 2 |  2.7
Earth Magic    | 4 8 9 |  9.6
Transmutations | 4 6 |  6.5
Summonings     | 5 8 |  8.4

Action                   |  1- 3 |  4- 6 |  7- 9 | 10-12 | 13-15 | 16-18 | 19-21 | 22-24 | 25-27 || total
-------------------------+-------+-------+-------+-------+-------+-------+-------+-------+-------++-------
Melee: Unarmed           |   113 |   178 |   349 |   696 |  1419 |  1679 |  1554 |  2184 |  1513 ||  9685
       Punch             |     1 |     4 |    14 |    51 |    76 |       |       |       |       ||   146
Throw: Throwing net      |       |       |     2 |     5 |       |     3 |       |     4 |     2 ||    16
       Large rock        |       |       |       |       |     8 |     6 |    81 |   234 |    73 ||   402
 Cast: Regeneration      |       |       |       |       |       |       |    17 |    34 |    54 ||   105
       Statue Form       |       |       |       |       |       |       |       |     6 |    39 ||    45
       Shadow Creatures  |       |       |       |       |       |       |       |       |    15 ||    15
Invok: Curse Item        |       |       |     2 |     2 |     4 |       |     1 |     1 |       ||    10
       Scrying           |       |       |       |     2 |     1 |       |     2 |       |     9 ||    14
 Abil: End Transformatio |       |       |       |       |       |       |       |     3 |     1 ||     4
Evoke: Wand              |       |       |       |    12 |    42 |    13 |     1 |     4 |    17 ||    89
       Lamp of fire      |       |       |       |       |       |       |       |       |     1 ||     1
       Lightning rod     |       |       |       |       |       |       |       |       |     1 ||     1
       Phantom mirror    |       |       |       |       |       |       |       |       |     2 ||     2
       Box of beasts     |       |       |       |       |       |       |       |       |     1 ||     1
  Use: Scroll            |       |       |     9 |     8 |    10 |    17 |    13 |    12 |    20 ||    89
       Potion            |       |       |       |     2 |     1 |     6 |     2 |     8 |    14 ||    33
 Stab: Sleeping          |     1 |     3 |     2 |     5 |    14 |    11 |     4 |    16 |     4 ||    60
       Held in net/web   |       |       |     1 |     4 |       |       |       |     1 |       ||     6
       Invisible         |       |       |     1 |       |       |       |       |       |       ||     1
       Paralysed         |       |       |       |     4 |    23 |       |       |       |       ||    27
       Distracted        |       |       |       |       |     1 |     4 |     3 |     4 |     5 ||    17
       Petrified         |       |       |       |       |       |       |       |       |     3 ||     3
  Eat: Chunk             |    17 |    19 |    30 |    64 |    90 |    92 |    71 |   124 |    57 ||   564
       Fruit             |       |       |       |     5 |       |     2 |     9 |     1 |    17 ||    34
       Meat ration       |       |       |       |       |       |       |       |       |     3 ||     3
       Bread ration      |       |       |       |       |       |       |       |       |     4 ||     4
Armor: Robe              |    38 |    74 |    76 |    91 |    12 |       |       |       |       ||   291
       Troll leather arm |       |       |       |       |   130 |   105 |    36 |       |       ||   271
       Fire dragon scale |       |       |       |       |       |       |   110 |    50 |       ||   160
       Acid dragon scale |       |       |       |       |       |       |       |   239 |   140 ||   379
       Skin              |       |       |       |       |       |       |       |    21 |   239 ||   260
Dodge: Dodged            |    54 |    82 |   217 |   521 |  1185 |   630 |   714 |   953 |  1167 ||  5523
Block: Other             |       |       |       |    16 |   117 |       |       |       |       ||   133
       Reflection        |       |       |       |       |    17 |   160 |   155 |   248 |    34 ||   614
       Large shield      |       |       |       |       |   390 |  1625 |  1794 |  2550 |  2326 ||  8685
